 Dungeon Crawl Stone Soup version 0.28-a0-519-gbfeecf2fc5 (webtiles) character file.

Game seed: 206032805500637202

19 spiderkeys the Skirmisher (level 2, -1/21 HPs)
             Began as an Octopode Abyssal Knight on Sept 24, 2021.
             Was a Follower of Lugonu.
             Frozen to death by an endoplasm (5 damage)
             ... on level 1 of the Dungeon.
             The game lasted 00:01:38 (1089 turns).

spiderkeys the Skirmisher (Octopode Abyssal Knight) Turns: 1089, Time: 00:01:39

Health: -1/21      AC:  1    Str: 12    XL:     2   Next: 75%
Magic:  3/3        EV: 13    Int: 12    God:    Lugonu [*.....]
Gold:   28         SH:  0    Dex: 12    Spells: 1/1 levels left

rFire   . . .      SeeInvis .   a - +3 spear
rCold   . . .      Faith    .   (no shield)
rNeg    . . .      Spirit   .   (helmet restricted)
rPois   .          Reflect  .   (no amulet)
rElec   .          Harm     .   b - ring of willpower
rCorr   .          Rampage  .   (no ring)
Will    +....                   (no ring)
Stlth   +++.......              (no ring)
HPRegen 0.07/turn               (no ring)
MPRegen 0.08/turn               (no ring)
                                (no ring)
                                (no ring)

@: no status effects
A: almost no armour, amphibious, 8 rings, camouflage 1, gelatinous body 1,
(nimble swimmer 1), tentacles
a: Renounce Religion, Depart the Abyss


You were on level 1 of the Dungeon.
You worshipped Lugonu.
Lugonu was aware of your devotion.
You visited 1 branch of the dungeon, and saw 1 of its levels.
You visited the Abyss 1 time.

You collected 28 gold pieces.


Innate Abilities, Weirdness & Mutations

You cannot wear most types of armour.
You are amphibious.
You can wear up to eight rings at the same time.
Your skin changes colour to match your surroundings (Stealth+).
Your rubbery body absorbs attacks. (AC +1, EV +1)
((You are camouflaged near water. (Stealth+)))
You have tentacles for arms and can constrict up to eight enemies at once.


   Skills:
 + Level 3.2 Fighting
 + Level 2.2 Polearms
 + Level 2.6 Dodging
 + Level 1.3 Stealth
 + Level 2.3 Invocations


You had one spell level left.
You didn't know any spells.
Your spell library was empty.

Inventory:

Hand Weapons
 a - a +3 spear (weapon)
Missiles
 e - 14 bolts
 f - 2 stones
Jewellery
 b - a ring of willpower (left tentacle)
   (You found it on level 2 of the Abyss)
Scrolls
 d - a scroll of identify {@r1}
Potions
 c - 2 potions of heal wounds {@q2}

Dungeon Overview and Level Annotations

Branches:
Dungeon (1/15)

Altars:

Shops:
D:1

(
#.>...........................
#...##.........#####.....#....
######.........# #..##.####.
#....##...#####..##.####.
#######.#.#......)..#....
#.#.#.#########.###
######+#.#..#...)..#....
.....g...#..#.#....#####
......J@....#.#.#....###
.........#..#.#...##.#..
.........#..#.#.#..#.#.#
#####.......#.#....#....
#.......#.###.####.#
#.......#...........
........#####.####.#
.........# #....#.# ###.##.#


You could see a gnoll and an endoplasm.


Message History

You miss the quokka. Your grab misses the quokka. The quokka bites you.
You puncture the quokka!
You kill the quokka!
Lugonu accepts your kill.
You open the door.
Key pressed, stopping explore.
There is an open door here.
e - 14 bolts You see here a +0 dagger.
Key pressed, stopping explore.
You open the door.
There is an open door here.
Key pressed, stopping explore.
A goblin comes into view. It is wielding a +0 dagger. 😎 HP[+4]
Your hp is fully restored (21).
You reach to attack!
The helpless goblin fails to defend itself.
You puncture the goblin!
You kill the goblin!
Lugonu accepts your kill.
No target in view!
No target in view!
Key pressed, stopping explore.
A kobold comes into view. It is wielding a +0 club.
A kobold is nearby!
The kobold shouts!
The kobold throws a stone.
The stone barely misses you.
You miss the kobold. You grab the kobold. You squeeze the kobold.
You constrict the kobold.
You kill the kobold!
Lugonu accepts your kill.
No target in view!
f - 2 stones You see here a +0 club.
Key pressed, stopping explore.
You see here a +0 chain mail.
Key pressed, stopping explore.
You see here a +0 leather armour.
You open the door.
Found Hinathot's Weapon Emporium.
No target in view!
Found a stone staircase leading down.
There is an open door here.
There is an entrance to Hinathot's Weapon Emporium here.
There is an open door here.
A kobold comes into view. It is wielding a +0 club.
A kobold is nearby!
A kobold is nearby!
You reach to attack!
The helpless kobold fails to defend itself.
You hit the kobold but do no damage. You hit the kobold.
You kill the kobold!
Lugonu accepts your kill.
No target in view!
Things that are here:
a +0 club; a kobold corpse You see here a +0 dagger.
Key pressed, stopping explore.
An endoplasm comes into view.
An endoplasm is nearby!
A gnoll comes into view. It is wielding a +0 spear.
You reach to attack!
The helpless gnoll fails to defend itself.
You hit the gnoll.
The gnoll hits you from afar with a +0 spear. 😕 HP[-3]
You take 3 damage, and now have 18/21 hp.
You reach to attack!
You closely miss the gnoll. The gnoll closely misses you.
You reach to attack!
You hit the gnoll but do no damage. The gnoll misses you.
You reach to attack!
You barely miss the gnoll.
The endoplasm quivers.
The gnoll hits you from afar with a +0 spear! 😮 HP[-7]
You take 7 damage, and now have 11/21 hp.
MASSIVE DAMAGE!! (PAUSE) Reach: a) +3 spear
Press: ? - help, Dir - move target, f/p - gnoll
Aim: a gnoll, wielding a +0 spear (lightly wounded, about 31% to evade your +3 spear)
You reach to attack!
You hit the gnoll. The gnoll barely misses you.
Reach: a) +3 spear
Press: ? - help, Dir - move target, f/p - gnoll
Aim: a gnoll, wielding a +0 spear (heavily wounded, about 31% to evade your +3 spear)
The endoplasm is in the way.
You completely miss the endoplasm. The gnoll hits you but does no damage.
The endoplasm hits you.
* * * LOW HITPOINT WARNING * * *
😨 HP[-2]
You take 2 damage, and now have 9/21 hp.
You hit the endoplasm but do no damage.
The gnoll hits you from afar with a +0 spear.
* * * LOW HITPOINT WARNING * * *
The endoplasm completely misses you. 😱 HP[-5]
You take 5 damage, and now have 4/21 hp.
MASSIVE DAMAGE!! (PAUSE)
You hit the endoplasm. The gnoll barely misses you. The endoplasm freezes you.
You are frozen.
You die...

Skill      XL: |  1  2 |
---------------+-------+-----
Stealth        | 1 |  1.3
Fighting       | |  3.2
Polearms       | |  2.2
Dodging        | |  2.6
Invocations    | |  2.3

Action                   || total
-------------------------++-------
Melee: Spear             ||    39
       Constrict         ||     4
       Tentacles         ||     1
Invok: Depart the Abyss  ||     1
  Use: Scroll            ||     3
 Stab: Sleeping          ||     7
Armor: Skin              ||     2
Dodge: Dodged            ||    12

Levels and vault maps discovered:
D:1:      sevenhm_arrival_forest_fort_small_3, layout_basic, serial_shops,
          nicolae_shop_window_shopping, ebering_dispersal_statue_hall,
          supply_closet_lemuel, minmay_strange_pillars

Notes
Turn   | Place    | Note
-------+----------+-------------------------------------------
     0 | Abyss:1  | spiderkeys the Octopode Abyssal Knight began the quest for
                  | the Orb.
     0 | Abyss:1  | Reached XP level 1. HP: 16/16 MP: 2/2
     0 | Abyss:1  | magus.rc [v1.9.10]
     0 | Abyss:1  | Found a corrupted altar of Lugonu.
    91 | Abyss:2  | Noticed a small abomination
    91 | Abyss:2  | Noticed a starcursed mass
   102 | Abyss:2  | Noticed a large abomination
   131 | D:1      | You pass through the gate.
   131 | D:1      | Escaped the Abyss
   448 | D:1      | Reached XP level 2. HP: 9/21 MP: 3/3
   637 | D:1      | Reached skill level 1 in Stealth
   641 | D:1      | Reached * piety under Lugonu
  1026 | D:1      | Found Hinathot's Weapon Emporium.
  1088 | D:1      | HP: 4/21 [gnoll (5)]
  1089 | D:1      | Frozen to death by an endoplasm

Vanquished Creatures
  A dart slug (D:1)
  4 bats (D:1)
  3 endoplasms (D:1)
  A giant cockroach (D:1)
  2 quokkas (D:1)
  2 goblins (D:1)
  2 kobolds (D:1)
15 creatures vanquished.

Table legend:
 A = Non-vault XP
 B = Vault XP
 C = Vault XP percentage of total XP
 D = Non-vault monster count
 E = Vault monster count
 F = Vault count percentage of total count
                 A         B        C        D         E       F
            +---------+---------+-------+---------+---------+-------
      Total |      28 |       0 |   0.0 |      15 |       0 |   0.0
            +---------+---------+-------+---------+---------+-------
        D:1 |      28 |       0 |   0.0 |      15 |       0 |   0.0
            +---------+---------+-------+---------+---------+-------

Illustrated notes

Table legend:
 A = Kills in this place as a percentage of kills in entire the game.
 B = Kills by you in this place as a percentage of kills by you in the entire game.
 C = Kills by friends in this place as a percentage of kills by friends in the entire game.
 D = Other kills in this place as a percentage of other kills in the entire game.
 E = Experience gained in this place as a percentage of experience gained in the entire game.
 F = Experience gained in this place divided by the number of levels of this place that you have seen.
                   A       B       C       D       E      F
               +-------+-------+-------+-------+-------+----------------------
         Total | 100.0 | 100.0 |   N/A |   N/A | 100.0 |   9.3
       Dungeon | 100.0 | 100.0 |   N/A |   N/A | 100.0 |  28.0
               +-------+-------+-------+-------+-------+----------------------

Table legend: (Time is in decaauts)
 A = Elapsed time spent in this place.
 B = Non-inter-level travel time spent in this place.
 C = Inter-level travel time spent in this place.
 D = Time resting spent in this place.
 E = Time spent auto-exploring this place.
 F = Levels seen in this place.
 G = Mean time per level.
                   A        B        C        D        E       F      G
               +--------+--------+--------+--------+--------+-----+--------+
         Total |   1087 |   1087 |      0 |      0 |    840 |   3 |  362.3 |
       Dungeon |    957 |    957 |      0 |      0 |    840 |   1 |  957.0 |
         Abyss |    130 |    130 |      0 |      0 |      0 |   2 |   65.0 |
               +--------+--------+--------+--------+--------+-----+--------+

Top non-repeatable levels by time:
     D:1: 957 daAuts
 Abyss:2: 70 daAuts
 Abyss:1: 60 daAuts
